[Event "Titled Tuesday Blitz March 28 Early 2023"]
[White "Jeet, Jain"]
[Black "So, Wesley"]
[WhiteFideId "5073022"]
[BlackFideId "5202213"]
[WhiteElo "2067"]
[BlackElo "2739"]
[Result "0-1"]
[Round "01"]
[TimeControl "180+2"]
[Date "2023.03.28"]
[WhiteClock "0:00:09"]
[BlackClock "0:00:46"]

1. Nf3 c5 2. g3 Nc6 3. Bg2 d5 4. d4 Nf6 5. O-O cxd4 6. Nxd4 e5 7. Nxc6 bxc6 8. c4 Rb8 9. cxd5 cxd5 10. Nc3 d4 11. Ne4 Nxe4 12. Bxe4 Bb7 13. Qa4+ Qd7 14. Qxa7 Bd6 15. Bxb7 Rxb7 16. Qa8+ Rb8 17. Qd5 Rb5 18. Qa8+ Rb8 19. Qd5 Ke7 20. b3 Rhc8 21. e3 Qe6 22. Qxe6+ fxe6 23. exd4 exd4 24. Bb2 e5 25. Rac1 Ke6 26. f4 Kd5 27. fxe5 Bxe5 28. Kf2 Re8 29. Rfd1 Rb4 30. Rd3 Rf8+ 31. Ke2 Rb6 32. Rc4 Rh6 33. h4 Re6 34. Kd1 Ke4 35. Rd2 Rd6 36. Ba3 Rf1+ 37. Ke2 Rdf6 0-1


[Site "https://www.chess.com"]

[Event "Titled Tuesday Blitz March 28 Early 2023"]
[White "Nakamura, Hikaru"]
[Black "Yelisieiev, Yevhenii"]
[WhiteFideId "2016192"]
[BlackFideId "14139642"]
[WhiteElo "2879"]
[BlackElo "2447"]
[Result "1-0"]
[Round "01"]
[TimeControl "180+2"]
[Date "2023.03.28"]
[WhiteClock "0:01:23"]
[BlackClock "0:00:01"]

1. e4 d6 2. d4 Nf6 3. Nc3 e5 4. Nf3 Nbd7 5. Bc4 Be7 6. O-O O-O 7. a4 c6 8. Qe2 a5 9. Rd1 exd4 10. Nxd4 Nc5 11. e5 Ne8 12. exd6 Nxd6 13. Ba2 Re8 14. Bf4 Bf8 15. Qh5 Qf6 16. Bxd6 Bxd6 17. Nf3 g6 18. Qg5 Be7 19. h4 Be6 20. Bxe6 Nxe6 21. Qxf6 Bxf6 22. Ne4 Bg7 23. c3 Rad8 24. Nd6 Re7 25. Nc4 Rxd1+ 26. Rxd1 Nc5 27. Ra1 Re2 28. Kf1 Re4 29. Nxa5 Rxa4 30. Rxa4 Nxa4 31. b3 Nxc3 32. Nxb7 f5 33. Nd8 c5 34. Ne6 Ne4 35. Ke2 Bf6 36. g3 Kf7 37. Nf4 Ke8 38. Ne1 Kd7 39. Ned3 Kc6 40. Ne6 Be7 41. Ke3 Kd5 42. Nef4+ Kc6 43. Ne5+ Kb5 44. Nd5 Bd6 45. Nc4 Bb8 46. g4 Nd6 47. Nxd6+ Bxd6 48. gxf5 gxf5 49. h5 c4 50. bxc4+ Kxc4 51. Nf6 h6 52. Ng8 Bf8 53. Kf4 Kd3 54. Kxf5 Ke2 55. f4 Kf3 56. Nf6 Kg3 57. Nd5 Kh4 58. Kg6 Kg4 59. f5 Bc5 60. Nf6+ Kf4 61. Nd7 Bd4 62. f6 Kg4 63. f7 1-0


[Site "https://www.chess.com"]

[Event "Titled Tuesday Blitz March 28 Early 2023"]
[White "Vovk, Orest"]
[Black "Naroditsky, Daniel"]
[WhiteFideId "14113490"]
[BlackFideId "2026961"]
[WhiteElo "2215"]
[BlackElo "2633"]
[Result "0-1"]
[Round "01"]
[TimeControl "180+2"]
[Date "2023.03.28"]
[WhiteClock "0:00:03"]
[BlackClock "0:00:11"]

1. h4 e5 2. h5 h6 3. d4 exd4 4. Qxd4 Nc6 5. Qa4 d5 6. g4 Nf6 7. g5 hxg5 8. Bxg5 Be7 9. h6 gxh6 10. Rxh6 Rg8 11. Qh4 Ng4 12. Rh8 Rxh8 13. Qxh8+ Kd7 14. Qxd8+ Nxd8 15. Bxe7 Kxe7 16. Nc3 c6 17. e4 d4 18. Nce2 c5 19. Nh3 Nc6 20. O-O-O Be6 21. Nef4 Rd8 22. Nxe6 fxe6 23. Be2 Nf6 24. f3 Rh8 25. Rh1 Ne5 26. f4 Nxe4 27. fxe5 Ng3 28. Rh2 Nxe2+ 29. Rxe2 Rxh3 30. Rg2 Kd7 31. Rg7+ Kc6 32. Re7 Rh6 33. b3 a6 34. a4 b5 35. a5 Kd5 36. Ra7 c4 37. Rxa6 c3 38. Kb1 Rh1+ 39. Ka2 Rc1 40. Ra8 Rxc2+ 41. Ka3 Rc1 42. Ka2 d3 43. a6 c2 44. Rc8 d2 45. a7 Ra1+ 46. Kxa1 c1=Q+ 0-1


[Site "https://www.chess.com"]

[Event "Titled Tuesday Blitz March 28 Early 2023"]
[White "Vachier-Lagrave, Maxime"]
[Black "Toropov, Pavel"]
[WhiteFideId "623539"]
[BlackFideId "24129178"]
[WhiteElo "2740"]
[BlackElo "2182"]
[Result "1-0"]
[Round "01"]
[TimeControl "180+2"]
[Date "2023.03.28"]
[WhiteClock "0:00:54"]
[BlackClock "0:00:46"]

1. e4 e6 2. d4 d5 3. e5 c5 4. c3 Qb6 5. Nf3 Bd7 6. Be2 cxd4 7. cxd4 Bb5 8. O-O Nc6 9. Nc3 Bxe2 10. Nxe2 Nge7 11. Ng3 h5 12. Bg5 Rc8 13. Rc1 Ng6 14. h4 Qxb2 15. Rb1 Qxa2 16. Rxb7 Qa6 17. Qb1 Be7 18. Rc1 O-O 19. Nxh5 Bxg5 20. Nxg5 Nxd4 21. Rxc8 Rxc8 22. Rxf7 Rc1+ 23. Qxc1 Ne2+ 24. Kh2 Nxc1 25. Rxg7+ Kf8 26. Rd7 Nxe5 27. Nh7+ Ke8 28. N5f6# 1-0


[Site "https://www.chess.com"]

[Event "Titled Tuesday Blitz March 28 Early 2023"]
[White "lemayvega"]
[Black "Erigaisi Arjun"]
[BlackFideId "35009192"]
[WhiteElo "2530"]
[BlackElo "2737"]
[Result "0-1"]
[Round "01"]
[TimeControl "180+2"]
[Date "2023.03.28"]
[WhiteClock "0:00:05"]
[BlackClock "0:01:56"]

1. e4 g6 2. d4 Bg7 3. Nc3 d6 4. Be3 a6 5. Qd2 b5 6. a3 Nd7 7. Nf3 Bb7 8. d5 Ngf6 9. h3 c6 10. Bh6 O-O 11. Bxg7 Kxg7 12. dxc6 Bxc6 13. Bd3 Nc5 14. Qe2 Qb6 15. O-O e5 16. Rfd1 b4 17. axb4 Qxb4 18. Ra2 Ncxe4 19. Bxe4 Bxe4 20. Nxe4 Qxe4 21. Qxe4 Nxe4 22. Rda1 Rfc8 23. c3 Rab8 24. Rxa6 Rxb2 25. Ra7 Rxf2 26. Re1 Rxf3 27. gxf3 Ng5 28. Kf2 Rxc3 29. Rb1 Rxf3+ 30. Kg2 Rxh3 31. Rbb7 Rd3 32. Rd7 Kf6 33. Ra6 Ke6 34. Rd8 h5 35. Re8+ Kf5 36. Re7 h4 37. Ra2 Kg4 38. Rea7 h3+ 39. Kh2 Nf3+ 40. Kh1 Rd1# 0-1


[Site "https://www.chess.com"]

[Event "Titled Tuesday Blitz March 28 Early 2023"]
[White "Dubov, Daniil"]
[Black "Hajiyev, Kanan"]
[WhiteFideId "24126055"]
[BlackFideId "13404148"]
[WhiteElo "2802"]
[BlackElo "2103"]
[Result "1-0"]
[Round "01"]
[TimeControl "180+2"]
[Date "2023.03.28"]
[WhiteClock "0:01:49"]
[BlackClock "0:00:04"]

1. d4 d5 2. c4 c6 3. Nc3 Nf6 4. Nf3 g6 5. cxd5 cxd5 6. Bf4 Bg7 7. e3 O-O 8. Be2 Ne4 9. Nxe4 dxe4 10. Nd2 f5 11. O-O Nc6 12. Qb3+ Kh8 13. Nc4 b6 14. Rfd1 Qd5 15. Rac1 Be6 16. Nxb6 axb6 17. Bc4 Na5 18. Bxd5 Nxb3 19. Bxb3 Bxb3 20. axb3 Rfc8 21. h4 Kg8 22. Bc7 Kf7 23. Bxb6 Rcb8 24. Bc5 Rxb3 25. Ba3 Ra7 26. g3 Rab7 27. Rc6 Bf6 28. Rdc1 Ke8 29. Rc7 Kf7 30. Kf1 Ke6 31. Ke2 Kf7 32. Kd2 Ke8 33. Rxb7 Rxb7 34. Rc4 Kd7 35. Kc2 e5 36. d5 h6 37. Bc5 g5 38. hxg5 hxg5 39. Ra4 Be7 40. b4 f4 41. Kc3 g4 42. Kc4 Bg5 43. b5 Rc7 44. b6 Rxc5+ 45. Kxc5 fxe3 46. Ra7+ Ke8 47. fxe3 Bxe3+ 48. Kc6 Bd4 49. Ra8+ Ke7 50. b7 e3 51. b8=Q 1-0


[Site "https://www.chess.com"]

[Event "Titled Tuesday Blitz March 28 Early 2023"]
[White "Hirneise, Jens"]
[Black "Fedoseev, Vladimir"]
[WhiteFideId "24614734"]
[BlackFideId "24130737"]
[WhiteElo "2345"]
[BlackElo "2752"]
[Result "0-1"]
[Round "01"]
[TimeControl "180+2"]
[Date "2023.03.28"]
[WhiteClock "0:00:51"]
[BlackClock "0:01:01"]

1. Nf3 d5 2. g3 Nc6 3. d4 Bg4 4. Bg2 Qd7 5. h3 Bf5 6. g4 Bg6 7. Bf4 e6 8. Nbd2 Bd6 9. Bxd6 cxd6 10. c3 h6 11. O-O Nf6 12. Re1 b5 13. Nh4 Bh7 14. e4 dxe4 15. Nxe4 Nxe4 16. Bxe4 Bxe4 17. Rxe4 d5 18. Re3 O-O 19. Nf3 a5 20. g5 Kh8 21. gxh6 gxh6 22. Ne5 Rg8+ 23. Kh1 Nxe5 24. Rxe5 Rg6 25. Qf3 Rag8 26. Rh5 f5 27. Qe3 Kh7 28. Qe5 b4 29. Re1 bxc3 30. bxc3 Qc6 31. Qe3 Qc7 32. Rh4 Qe7 33. Rh5 Qg7 34. f4 Rg3 35. Qf2 Rg2 36. Qe3 Rh2+ 37. Kxh2 Qg2# 0-1


[Site "https://www.chess.com"]

[Event "Titled Tuesday Blitz March 28 Early 2023"]
[White "Bortnyk, Olexandr"]
[Black "Migot, Tangi"]
[WhiteFideId "14120828"]
[BlackFideId "662445"]
[WhiteElo "2734"]
[BlackElo "2528"]
[Result "1-0"]
[Round "01"]
[TimeControl "180+2"]
[Date "2023.03.28"]
[WhiteClock "0:01:34"]
[BlackClock "0:00:11"]

1. d4 Nf6 2. Nc3 g6 3. e4 d6 4. Bg5 Nbd7 5. Qd2 c6 6. f4 h6 7. Bh4 Bg7 8. Nf3 O-O 9. e5 Ne8 10. Bd3 Nb6 11. O-O Bg4 12. Rae1 Bxf3 13. Rxf3 dxe5 14. dxe5 Nc7 15. Qf2 Qd7 16. Ne4 Ne6 17. c3 Nd5 18. Bc2 Rad8 19. f5 gxf5 20. Rxf5 Qc7 21. Qg3 Qb6+ 22. Rf2 Rd7 23. Nd6 exd6 24. Qd3 Re8 25. Qh7+ Kf8 26. exd6 Ndf4 27. Kh1 Rxd6 28. Bb3 Ng6 29. Qxg6 Kg8 30. Qxf7+ Kh8 31. Qxe8+ 1-0


[Site "https://www.chess.com"]

[Event "Titled Tuesday Blitz March 28 Early 2023"]
[White "Rangel, Daniel"]
[Black "Giri, Anish"]
[WhiteFideId "2124475"]
[BlackFideId "24116068"]
[WhiteElo "2256"]
[BlackElo "2807"]
[Result "0-1"]
[Round "01"]
[TimeControl "180+2"]
[Date "2023.03.28"]
[WhiteClock "0:00:07"]
[BlackClock "0:00:13"]

1. c4 Nf6 2. g3 c6 3. Bg2 d5 4. Nf3 g6 5. b3 Bg7 6. Bb2 O-O 7. O-O a5 8. Nc3 Bg4 9. Ne5 Be6 10. cxd5 Nxd5 11. Nd3 Na6 12. Nxd5 Bxd5 13. Bxg7 Kxg7 14. Bxd5 Qxd5 15. Nf4 Qd6 16. d4 Rfd8 17. e3 e5 18. dxe5 Qxe5 19. Qe2 Nc5 20. Rad1 Ne4 21. h4 h5 22. Qc2 Nc3 23. Rd3 Rxd3 24. Nxd3 Qf6 25. Nf4 Rd8 26. Rc1 Nb5 27. a4 Nd6 28. Rd1 Kh6 29. Rd4 Nf5 30. Rxd8 Qxd8 31. Qc3 Kh7 32. Kg2 Nh6 33. Qc4 Qe7 34. Qc3 Qe4+ 35. Kg1 Ng4 36. Nh3 Qd5 37. Ng5+ Kg8 38. Qc2 Ne5 39. Qe4 Kf8 40. Qxd5 cxd5 41. Kf1 Nd3 42. Nh3 Ke7 43. Nf4 Nb4 44. Ke2 Kd6 45. Kd2 Nc6 46. Nd3 b6 47. Kc3 Ne7 48. Kd4 Nf5+ 49. Kc3 Ng7 50. b4 Ne6 51. bxa5 bxa5 52. Nb2 Nc5 53. Kc2 Ne4 54. Nd1 Kc5 55. f3 Nxg3 56. Kd3 Nf5 57. e4 dxe4+ 58. Kxe4 Nxh4 59. f4 Nf5 60. Ke5 h4 61. Nf2 Nd6 62. Nh3 Ne8 63. Ke4 Kb4 64. Kd5 Kxa4 65. Kc6 Kb4 66. Kd7 a4 67. Kxe8 a3 68. Kxf7 a2 69. Kxg6 a1=Q 70. f5 Qc3 71. Ng5 h3 72. f6 h2 73. f7 Qh8 74. Nh7 h1=Q 75. f8=Q+ Qxf8 76. Nxf8 Kc5 77. Kf7 Kd6 78. Ng6 Qd5+ 79. Kg7 Qd4+ 80. Kh6 Qf6 81. Kh5 Ke6 82. Nh4 Ke5 83. Kg4 Qf4+ 84. Kh3 Qe4 85. Kg3 Qe3+ 86. Kg4 Qf4+ 87. Kh3 Ke4 88. Ng2 Qg5 89. Kh2 Kf3 90. Ne1+ Ke2 91. Ng2 Kf2 92. Kh3 Qg3# 0-1


[Site "https://www.chess.com"]

[Event "Titled Tuesday Blitz March 28 Early 2023"]
[White "Andreikin, Dmitry"]
[Black "Arencibia Monduy, Antonio"]
[WhiteFideId "4158814"]
[BlackFideId "3507939"]
[WhiteElo "2736"]
[BlackElo "2523"]
[Result "1-0"]
[Round "01"]
[TimeControl "180+2"]
[Date "2023.03.28"]
[WhiteClock "0:01:16"]
[BlackClock "0:00:02"]

1. Nf3 Nf6 2. c4 e6 3. g3 d5 4. Bg2 Be7 5. O-O O-O 6. b3 b6 7. Bb2 Bb7 8. cxd5 exd5 9. d4 c5 10. Nc3 Nc6 11. Rc1 Rc8 12. Bh3 Ra8 13. e3 Bc8 14. Bg2 Bg4 15. dxc5 bxc5 16. h3 Be6 17. Ng5 Rc8 18. Qe2 Qa5 19. Rfd1 Rfd8 20. Nxe6 fxe6 21. h4 h6 22. Bh3 Rd6 23. Nb5 Rcd8 24. Nxd6 Rxd6 25. Bxf6 Bxf6 26. Qc2 Nb4 27. Qxc5 Qxc5 28. Rxc5 Nxa2 29. Rc7 a5 30. Kg2 Nb4 31. Rdc1 Kh7 32. h5 d4 33. exd4 Bxd4 34. Re7 Rd5 35. Bg4 Re5 36. Rxe6 Rxe6 37. Bxe6 g5 38. Rc7+ Kh8 39. Bf5 Bb2 40. Rh7+ Kg8 41. Rxh6 Bc1 42. Rg6+ Kf8 43. h6 Nd5 44. h7 Bb2 45. Rg8+ 1-0


[Site "https://www.chess.com"]

[Event "Titled Tuesday Blitz March 28 Early 2023"]
[White "Ronka, Erik"]
[Black "Svane, Rasmus"]
[WhiteFideId "505080"]
[BlackFideId "4657101"]
[WhiteElo "2264"]
[BlackElo "2597"]
[Result "0-1"]
[Round "01"]
[TimeControl "180+2"]
[Date "2023.03.28"]
[WhiteClock "0:02:12"]
[BlackClock "0:02:44"]

1. e4 c6 2. Nc3 d5 3. Nf3 dxe4 4. Nxe4 Nf6 5. Qe2 Nxe4 6. Qxe4 Qa5 7. c3 Bf5 8. Qf4 e6 9. d4 Nd7 10. Nh4 Bg6 11. Nxg6 hxg6 12. Be2 Rd8 13. O-O Nf6 14. c4 Bd6 15. Qg5 Bxh2+ 0-1


[Site "https://www.chess.com"]

[Event "Titled Tuesday Blitz March 28 Early 2023"]
[White "Firouzja, Alireza"]
[Black "Sanchez Alvares, Kelvin Antonio"]
[WhiteFideId "12573981"]
[BlackFideId "3906680"]
[WhiteElo "2904"]
[BlackElo "2217"]
[Result "1-0"]
[Round "01"]
[TimeControl "180+2"]
[Date "2023.03.28"]
[WhiteClock "0:00:07"]
[BlackClock "0:00:01"]

1. e4 c5 2. Nf3 d6 3. d4 cxd4 4. Nxd4 Nf6 5. Nc3 g6 6. f3 Bg7 7. Be3 O-O 8. Qd2 Nc6 9. O-O-O Nxd4 10. Bxd4 Be6 11. Kb1 Qc7 12. h4 Rfc8 13. h5 Qa5 14. hxg6 fxg6 15. Bxf6 Rxc3 16. Qxc3 Qxa2+ 17. Kc1 Bxf6 18. Qa3 Bg5+ 19. Rd2 Qxa3 20. bxa3 Bxd2+ 21. Kxd2 h5 22. Bd3 Kg7 23. f4 Bf7 24. Rb1 b6 25. a4 Rb8 26. a5 Be8 27. axb6 Rxb6 28. Ra1 Rb7 29. Ra5 Rc7 30. g3 Bf7 31. e5 dxe5 32. Rxe5 Kf6 33. Ra5 Rd7 34. Ke3 Rc7 35. Kd4 Rd7+ 36. Ke3 Rc7 37. Ra6+ Kg7 38. Kd2 Rd7 39. Ke2 Rc7 40. Ke3 Be8 41. c4 Bf7 42. Kd4 Rd7+ 43. Kc3 Rc7 44. Kd4 Rd7+ 45. Kc3 Rc7 46. Ra5 Be8 47. c5 Kf6 48. Kd4 e6 49. Bc4 Bc6 50. Ra6 Kf5 51. Bd3+ Kg4 52. Ke5 Kxg3 53. Bxg6 h4 54. Kd6 Bb7 55. Ra3+ 1-0


[Site "https://www.chess.com"]

[Event "Titled Tuesday Blitz March 28 Early 2023"]
[White "Kozin, Yuri"]
[Black "Kollars, Dmitrij"]
[WhiteFideId "4129920"]
[BlackFideId "12909572"]
[WhiteElo "2521"]
[BlackElo "2584"]
[Result "0-1"]
[Round "01"]
[TimeControl "180+2"]
[Date "2023.03.28"]
[WhiteClock "0:00:10"]
[BlackClock "0:00:09"]

1. e4 c5 2. Nf3 Nc6 3. d4 cxd4 4. Nxd4 Nf6 5. Nc3 e5 6. Ndb5 d6 7. Bg5 a6 8. Na3 b5 9. Nd5 Be7 10. Bxf6 Bxf6 11. c3 Ne7 12. Nc2 Nxd5 13. Qxd5 Rb8 14. Nb4 Bb7 15. Qd3 O-O 16. Be2 Bg5 17. O-O a5 18. Nd5 b4 19. cxb4 Bxd5 20. Qxd5 Rxb4 21. Bc4 Rxb2 22. Rad1 Rb4 23. a3 Rb2 24. Qxd6 Qxd6 25. Rxd6 Bd2 26. Rc6 g6 27. Rd1 Bc3 28. Bxf7+ Rxf7 29. Rxc3 Rfxf2 30. Rd8+ Kg7 31. Rd7+ Kf6 32. Rg3 Rfd2 33. Rf3+ Ke6 34. Rxh7 Rxg2+ 35. Kh1 Rge2 36. Rf1 Rxe4 37. Rh6 Rg4 38. a4 Ra2 39. Rb1 Raxa4 40. Rh8 Rab4 41. Re8+ Kf7 42. Rxb4 Rxb4 43. Ra8 a4 44. Kg2 Kf6 45. Kf3 Kf5 46. Rf8+ Kg5 47. Ra8 e4+ 48. Ke3 Kg4 49. Rf8 g5 50. Rg8 Kf5 51. Rf8+ Ke6 52. Rg8 Kf6 53. Rf8+ Kg7 54. Re8 Kf7 55. Ra8 Kf6 56. Ra5 g4 57. Kf4 e3+ 58. Kxe3 Ke6 59. Ra6+ Kd5 60. Ra5+ Kc6 61. Kf2 Kb6 62. Ra8 Kc5 63. Rc8+ Kd4 64. Kg3 Kd3 65. Rd8+ Kc3 66. Rg8 a3 67. Ra8 Kb2 68. Rg8 a2 69. Ra8 a1=Q 70. Rxa1 0-1


[Site "https://www.chess.com"]

[Event "Titled Tuesday Blitz March 28 Early 2023"]
[White "Lazavik, Denis"]
[Black "Shevtchenko, Olesya"]
[WhiteFideId "13515110"]
[BlackFideId "24131890"]
[WhiteElo "2560"]
[BlackElo "2003"]
[Result "1-0"]
[Round "01"]
[TimeControl "180+2"]
[Date "2023.03.28"]
[WhiteClock "0:00:30"]
[BlackClock "0:00:02"]

1. d4 Nf6 2. c4 e6 3. Nf3 d5 4. g3 Bb4+ 5. Bd2 a5 6. Bg2 O-O 7. Qc2 c5 8. cxd5 cxd4 9. Nxd4 Qb6 10. e3 exd5 11. O-O Nc6 12. Nxc6 bxc6 13. Rc1 Be6 14. Qxc6 Bxd2 15. Qxb6 Bxc1 16. Qd4 Rfb8 17. b3 Rb4 18. Qd1 Bb2 19. a3 Bxa1 20. axb4 axb4 21. Qd3 h5 22. h3 Rc8 23. Nd2 Rc1+ 24. Kh2 Bc3 25. Nf3 Ne4 26. Qe2 Rb1 27. Nd4 Rb2 28. Qxh5 Bxd4 29. exd4 Nxf2 30. Kg1 g6 31. Qh4 Nd1 32. Bxd5 Bxd5 33. Qd8+ Kg7 34. Qxd5 Nc3 35. Qe5+ Kh7 36. d5 Rd2 37. d6 Rd1+ 38. Kg2 Rd2+ 39. Kf3 Rd3+ 40. Kg4 Rd5 41. Qe7 Rd4+ 42. Kf3 Rd3+ 43. Kf2 Rd2+ 44. Ke1 Rd1+ 45. Kf2 Rd2+ 46. Kf3 Rd3+ 47. Kg4 Rd4+ 48. Kg5 Rd5+ 49. Kh4 Rd4+ 50. g4 Kg7 51. d7 Ne4 52. d8=Q g5+ 53. Qxg5+ Nxg5 54. Qxd4+ Kh6 55. Qf6+ Kh7 56. Kxg5 Kg8 57. Kh6 Kf8 58. Qd8# 1-0


[Site "https://www.chess.com"]

[Event "Titled Tuesday Blitz March 28 Early 2023"]
[White "Ljukin, Sergei"]
[Black "Le, Tuan Minh"]
[WhiteFideId "14102200"]
[BlackFideId "12401153"]
[WhiteElo "2312"]
[BlackElo "2558"]
[Result "0-1"]
[Round "01"]
[TimeControl "180+2"]
[Date "2023.03.28"]
[WhiteClock "0:00:04"]
[BlackClock "0:00:27"]

1. e4 c5 2. Nf3 Nf6 3. Nc3 d5 4. exd5 Nxd5 5. Bb5+ Bd7 6. Ne5 Nf6 7. Nxd7 Nbxd7 8. d4 cxd4 9. Qxd4 a6 10. Bxd7+ Qxd7 11. Qxd7+ Kxd7 12. Bg5 e6 13. Bxf6 gxf6 14. O-O-O+ Kc6 15. Rd3 Be7 16. Rhd1 Rad8 17. Rxd8 Bxd8 18. Rd3 f5 19. Kd2 Bf6 20. b3 h5 21. Ne2 h4 22. c4 Be5 23. f4 Bf6 24. Ke3 Rg8 25. Kf3 b5 26. cxb5+ axb5 27. a4 bxa4 28. bxa4 Ra8 29. Ra3 Be7 30. Ra2 Rb8 31. Nd4+ Kd5 32. Nb5 Bb4 33. Rc2 f6 34. Rc7 e5 35. fxe5 fxe5 36. Rh7 e4+ 37. Ke2 Rc8 38. Rc7 Rg8 39. Kf1 Ke5 40. Rf7 Rd8 0-1


[Site "https://www.chess.com"]

[Event "Titled Tuesday Blitz March 28 Early 2023"]
[White "Vidit, Santosh Gujrathi"]
[Black "Turzo, Attila"]
[WhiteFideId "5029465"]
[BlackFideId "704954"]
[WhiteElo "2651"]
[BlackElo "2520"]
[Result "1-0"]
[Round "01"]
[TimeControl "180+2"]
[Date "2023.03.28"]
[WhiteClock "0:00:23"]
[BlackClock "0:00:14"]

1. e4 c5 2. Nf3 Nc6 3. d4 cxd4 4. Nxd4 g6 5. c4 Bg7 6. Be3 Nf6 7. Nc3 d6 8. Be2 O-O 9. O-O Bd7 10. Nc2 a5 11. Qd2 a4 12. Rfd1 Qa5 13. Rab1 Rfc8 14. f3 Nb4 15. Na3 Na6 16. Rbc1 Nc5 17. Bf1 Bc6 18. Nab5 Ne6 19. Qf2 Nd7 20. Nd5 Bxd5 21. Rxd5 Nc7 22. Nxc7 Qxc7 23. h4 Nc5 24. h5 Qb6 25. Rc2 Qb4 26. h6 Bf6 27. g3 Ra6 28. Bh3 e6 29. Rd1 Rb6 30. Bd2 Nd3 31. Qe2 Qc5+ 32. Be3 Bd4 33. Rxd3 Bxe3+ 34. Qxe3 Qxe3+ 35. Rxe3 Rb4 36. Rec3 Rc5 37. Bf1 Kf8 38. Rd2 Ke7 39. f4 f6 40. Rcd3 Rb6 41. b3 axb3 42. Rxb3 Rxb3 43. axb3 Ra5 44. Kf2 Ra1 45. Bg2 e5 46. fxe5 fxe5 47. c5 dxc5 48. Rd5 Ke6 49. Rxc5 Ra2+ 50. Kf3 Ra3 51. Rb5 Ra7 52. Rb6+ Ke7 53. Bf1 Kd7 54. Bc4 Kc7 55. Rf6 Ra1 56. Rf7+ Kd6 57. Rxh7 g5 58. Kg4 Rg1 59. Rg7 b6 60. h7 Rh1 61. Kxg5 Rh3 62. Rg6+ Ke7 63. Rh6 Rxg3+ 64. Kf5 Rf3+ 65. Kxe5 Rg3 66. h8=Q b5 67. Rh7+ 1-0


[Site "https://www.chess.com"]

[Event "Titled Tuesday Blitz March 28 Early 2023"]
[White "Escanor89"]
[Black "Duda, Jan-Krzysztof"]
[BlackFideId "1170546"]
[WhiteElo "2520"]
[BlackElo "2790"]
[Result "1/2-1/2"]
[Round "01"]
[TimeControl "180+2"]
[Date "2023.03.28"]
[WhiteClock "0:00:06"]
[BlackClock "0:00:05"]

1. c4 e5 2. Nc3 Bb4 3. Nd5 Bc5 4. e3 c6 5. Nc3 Nf6 6. d4 exd4 7. exd4 Bb4 8. Bd3 O-O 9. Ne2 d5 10. O-O dxc4 11. Bxc4 Nbd7 12. Bg5 h6 13. Bh4 Nb6 14. Bb3 Bf5 15. a3 Be7 16. Qd2 Ne4 17. Nxe4 Bxh4 18. Nc5 Rb8 19. Ng3 Bg6 20. Rad1 Nd5 21. Rfe1 Bg5 22. Qe2 b6 23. Nd3 Nf4 24. Nxf4 Bxf4 25. Qf3 Bxg3 26. hxg3 Qd6 27. Qf4 Rbd8 28. Qe5 a5 29. Rc1 Kh7 30. Rc3 Qxe5 31. dxe5 c5 32. Re2 Rd4 33. Rce3 c4 34. Bc2 Bxc2 35. Rxc2 b5 36. e6 fxe6 37. Rxe6 Rf5 38. Re1 Rfd5 39. f3 Rd2 40. Re2 Rxc2 41. Rxc2 a4 42. Kf2 h5 43. Ke2 Rd3 44. Rd2 Rb3 45. Rc2 Kg6 46. Kf2 Kf5 47. Rd2 g5 48. Rd5+ Kf6 49. Rd2 Ke5 50. Ke2 c3 51. bxc3 Rxc3 52. Rb2 Rc5 53. Kd3 Kd5 54. Rb4 Kc6 55. g4 h4 56. f4 gxf4 57. Rxf4 Rd5+ 58. Kc3 Rg5 59. Rf6+ Kd7 60. Rf4 Ke6 61. Kb4 Rd5 62. g5 Rxg5 63. Rxh4 Kd6 64. Rh6+ Kc7 65. Rf6 Kb7 66. Re6 Kc7 67. Rf6 Rd5 68. Rg6 Re5 69. Rh6 Rg5 70. Rf6 1/2-1/2


[Site "https://www.chess.com"]

[Event "Titled Tuesday Blitz March 28 Early 2023"]
[White "Bluebaum, Matthias"]
[Black "Moral Garcia, Serafin"]
[WhiteFideId "24651516"]
[BlackFideId "2201925"]
[WhiteElo "2638"]
[BlackElo "2254"]
[Result "1-0"]
[Round "01"]
[TimeControl "180+2"]
[Date "2023.03.28"]
[WhiteClock "0:02:08"]
[BlackClock "0:01:28"]

1. d4 Nf6 2. c4 g6 3. Nc3 d5 4. cxd5 Nxd5 5. e4 Nxc3 6. bxc3 Bg7 7. Nf3 c5 8. Bb5+ Nc6 9. O-O O-O 10. Bxc6 bxc6 11. Qc2 Bg4 12. Ne5 Bd7 13. Ba3 cxd4 14. cxd4 Rc8 15. Bc5 a5 16. Rab1 Bxe5 17. dxe5 Rb8 18. Rxb8 Qxb8 19. Bxe7 Re8 20. Bf6 Qb4 21. Rb1 Qa3 22. Rb3 Qa4 23. Qd2 Qxe4 24. h3 Be6 25. Qh6 Qe1+ 26. Kh2 1-0


[Site "https://www.chess.com"]

[Event "Titled Tuesday Blitz March 28 Early 2023"]
[White "Reprintsev, Alexander"]
[Black "Wei, Yi"]
[WhiteFideId "14100541"]
[BlackFideId "8603405"]
[WhiteElo "2229"]
[BlackElo "2686"]
[Result "0-1"]
[Round "01"]
[TimeControl "180+2"]
[Date "2023.03.28"]
[WhiteClock "0:00:01"]
[BlackClock "0:00:20"]

1. e4 c6 2. Nc3 d5 3. Nf3 g6 4. d4 Bg7 5. h3 dxe4 6. Nxe4 Nf6 7. Nxf6+ exf6 8. Bc4 O-O 9. O-O Nd7 10. c3 Nb6 11. Bb3 a5 12. a4 Nd5 13. Re1 Be6 14. Bd2 Qb6 15. c4 Nc7 16. Qc2 Rfd8 17. Be3 Qb4 18. Ba2 Qd6 19. Rad1 Qd7 20. Bf4 Na6 21. Bb1 Nb4 22. Qd2 Bxc4 23. Bc2 Nxc2 24. Qxc2 Bd5 25. Nd2 b5 26. b3 h6 27. Qc1 g5 28. Be3 f5 29. f4 gxf4 30. Bf2 Qd6 31. Qc3 b4 32. Qd3 Qg6 33. Nf3 Be4 34. Qe2 Rd5 35. Kh2 Re8 36. Qc4 Re6 37. Rg1 Qh5 38. Nd2 Kh7 39. Rdf1 Rg6 40. Qc1 Bf8 41. Qd1 Qg5 42. Nf3 Qf6 43. Qd2 Bd6 44. Rd1 c5 45. Qb2 Qg7 46. Rd2 Be7 47. dxc5 Bf6 48. Qc1 Bd3 49. c6 Bc3 50. Rxd3 Rxd3 51. Qxf4 Rxc6 52. Qxf5+ Qg6 53. Qf4 Rf6 54. Qb8 Qh5 55. Bg3 Rg6 56. Bf4 Qf5 57. g4 Qe4 58. Nh4 Rd2+ 59. Rg2 Rxg2+ 60. Nxg2 Rf6 61. Bg3 Rf3 62. Qc7 Qd5 63. Nf4 Qd2+ 64. Kh1 Qd1+ 65. Kh2 Qc2+ 66. Ng2 Qxb3 67. Nh4 Qa2+ 68. Kh1 Rf1# 0-1


[Site "https://www.chess.com"]

[Event "Titled Tuesday Blitz March 28 Early 2023"]
[White "Sarana, Alexey"]
[Black "Estrada Nieto, Julian"]
[WhiteFideId "24133795"]
[BlackFideId "5101018"]
[WhiteElo "2714"]
[BlackElo "2176"]
[Result "1-0"]
[Round "01"]
[TimeControl "180+2"]
[Date "2023.03.28"]
[WhiteClock "0:01:40"]
[BlackClock "0:00:44"]

1. d4 d5 2. c4 dxc4 3. Nf3 Nf6 4. Nc3 a6 5. a4 Nc6 6. e3 Na5 7. Nd2 Be6 8. Qc2 g6 9. Ne2 Bg7 10. Nf4 Bf5 11. Qc3 c5 12. dxc5 Ne4 13. Qxg7 Rf8 14. Be2 Qc7 15. O-O Qxc5 16. Nxe4 Bxe4 17. Qc3 Nb3 18. Bxc4 1-0


[Site "https://www.chess.com"]

[Event "Titled Tuesday Blitz March 28 Early 2023"]
[White "Lehtosaari, Mauri"]
[Black "Sadhwani, Raunak"]
[WhiteFideId "501999"]
[BlackFideId "35093487"]
[WhiteElo "2517"]
[BlackElo "2631"]
[Result "0-1"]
[Round "01"]
[TimeControl "180+2"]
[Date "2023.03.28"]
[WhiteClock "0:00:20"]
[BlackClock "0:00:54"]

1. d4 Nf6 2. Nf3 b6 3. Bg5 Bb7 4. Nbd2 e6 5. e3 h6 6. Bh4 g5 7. Bg3 Bg7 8. Bd3 d6 9. Qe2 a6 10. h3 Nbd7 11. c3 Qe7 12. a4 O-O 13. O-O Nh5 14. Bh2 f5 15. Bc4 Kh8 16. Ba2 Nhf6 17. Ne1 e5 18. dxe5 dxe5 19. Nc2 Nc5 20. Rfd1 Nxa4 21. Nc4 Ne4 22. N2a3 f4 23. f3 Ng3 24. Bxg3 fxg3 25. e4 g4 26. fxg4 Rf2 27. Qe3 Raf8 28. Qxg3 Bxe4 29. Re1 Rxg2+ 0-1


[Site "https://www.chess.com"]

[Event "Titled Tuesday Blitz March 28 Early 2023"]
[White "Anton Guijarro, David"]
[Black "Petukhov, Dmitry"]
[WhiteFideId "2285525"]
[BlackFideId "4142748"]
[WhiteElo "2618"]
[BlackElo "2311"]
[Result "1-0"]
[Round "01"]
[TimeControl "180+2"]
[Date "2023.03.28"]
[WhiteClock "0:00:29"]
[BlackClock "0:00:27"]

1. e4 c5 2. Nc3 Nc6 3. Nf3 d6 4. d4 cxd4 5. Nxd4 Nf6 6. h3 Bd7 7. Be3 Rc8 8. Qd2 Nxd4 9. Bxd4 Qa5 10. Bd3 e6 11. O-O Be7 12. a3 a6 13. Rad1 Qc7 14. Qe3 Bc6 15. e5 Nd5 16. Nxd5 Bxd5 17. Qg3 dxe5 18. Bxe5 Qc6 19. Qxg7 Rf8 20. c4 Be4 21. Rfe1 Bxd3 22. Rxd3 Rd8 23. Rxd8+ Kxd8 24. b3 Kc8 25. Qxh7 Bxa3 26. Qe4 Qd7 27. Qf3 Rd8 28. g3 Qd2 29. Re2 Qd1+ 30. Kg2 Rd3 31. Qxf7 Rd7 32. Qe8+ Rd8 33. Qxe6+ Rd7 34. Bf4 Be7 35. Rd2 1-0


[Site "https://www.chess.com"]